 Dungeon Crawl Stone Soup version 0.30-a0-760-g5a9884bb7c (webtiles) character file.

Game seed: 10347305913390362547

3628 Pooter the Cleaver (level 9, -1/81 (82) HPs)
             Began as a Minotaur Berserker on Feb 10, 2023.
             Was an Elder of Trog.
             Slain by Psyche the rime drake (5 damage)
             ... on level 8 of the Dungeon.
             The game lasted 00:46:13 (7165 turns).

Pooter the Cleaver (Minotaur Berserker)             Turns: 7165, Time: 00:46:14

HP:   -1/81 (82)    AC: 17    Str: 23    XL:     9   Next: 87%
MP:   8/8           EV:  7    Int:  6    God:    Trog [****..]
Gold: 327           SH:  0    Dex: 11    Spells: 8/8 levels left

rFire   . . .      SeeInvis .    a - +0 battleaxe
rCold   . . .      Faith    .    (shield currently unavailable)
rNeg    . . .      Spirit   .    q - +0 plate armour
rPois   .          Reflect  .    (helmet restricted)
rElec   .          Harm     .    c - +0 cloak
rCorr   .          Rampage  .    P - +0 pair of gloves
Will    .....                    (no boots) Stlth
                                 (no amulet)
HPRegen 0.33/turn                g - ring of flight
MPRegen 0.11/turn                n - +4 ring of protection

@: mighty, frozen, on berserk cooldown, flying, lightly drained, very slow
A: horns 2, retaliatory headbutt
a: Renounce Religion, Berserk, Trog's Hand, Brothers in Arms


You were on level 8 of the Dungeon.
You worshipped Trog.
Trog was greatly pleased with you.
You visited 1 branch of the dungeon, and saw 8 of its levels.
You also visited: Sewer.

You collected 327 gold pieces.

Inventory:

Hand Weapons
 a - a +0 battleaxe (weapon)
   (You took it off an orc warrior on level 6 of the Dungeon)
 r - a +0 trident
   (You found it on level 3 of the Dungeon)
 s - a +3 spear of venom
   (You took it off a gnoll on level 3 of the Dungeon)
 C - a +0 war axe
   (You found it on level 1 of the Dungeon)
Missiles
 j - 2 boomerangs (quivered)
 v - 6 javelins
 z - 31 poisoned darts
 F - a curare-tipped dart
 Q - 86 stones
Armour
 c - a +0 cloak (worn)
   (You found it on level 1 of the Dungeon)
 q - a +0 plate armour (worn)
   (You took it off an orc warrior on level 6 of the Dungeon)
 P - a +0 pair of gloves (worn)
   (You found it on level 1 of the Dungeon)
Jewellery
 g - a ring of flight (left hand)
   (You found it on level 2 of the Dungeon)
 n - a +4 ring of protection (right hand)
   (You found it on level 3 of the Dungeon)
 I - a ring of protection from cold
   (You found it on level 3 of the Dungeon)
 L - a ring of fire
   (You found it on level 7 of the Dungeon)
 N - a ring of positive energy
   (You found it on level 4 of the Dungeon)
 O - a +6 ring of intelligence
   (You found it on level 7 of the Dungeon)
Wands
 d - a wand of iceblast (7)
   (You found it on level 7 of the Dungeon)
 l - a wand of mindburst (6)
   (You found it on level 3 of the Dungeon)
 D - a wand of digging (3)
   (You found it on level 6 of the Dungeon)
 K - a wand of polymorph (8)
   (You found it on level 6 of the Dungeon)
Scrolls
 h - 2 scrolls of teleportation {unknown}
 t - 2 scrolls of fog
 u - a scroll of poison {unknown}
 E - a scroll of brand weapon {unknown}
 H - a scroll of enchant armour {unknown}
 J - a scroll of vulnerability {unknown}
Potions
 b - 3 potions of attraction {unknown}
 e - a potion of cancellation {unknown}
 f - a potion of haste {unknown}
 i - a potion of invisibility {unknown}
 k - a potion of berserk rage {unknown}
 m - 2 potions of mutation {unknown}
 p - 2 potions of magic {unknown}
 w - 2 potions of heal wounds {unknown}
 A - a potion of lignification {unknown}
 B - 2 potions of resistance {unknown}
 G - a potion of might {unknown}
 M - a potion of flight {unknown}


   Skills:
 + Level 8.5 Fighting
 * Level 11.4 Axes
 - Level 4.4 Throwing
 - Level 2.4 Armour
 - Level 2.1 Dodging
 + Level 5.6 Stealth
 + Level 3.3 Evocations


You had 8 spell levels left.
You didn't know any spells.
Your spell library was empty.

Dungeon Overview and Level Annotations

Branches:
Dungeon (8/15)             Temple (0/1) D:6           Sewer (visited)
   Lair: D:8-11

Altars:
Ashenzari
Dithmenos
Elyvilon
Gozag
Hepliaklqana
Qazlal
Sif Muna
Trog
Uskayaw
Wu Jian
Xom
The Shining One

Annotations:
D:6 1 runed translucent door, Crazy Yiuf
D:8 Psyche


Innate Abilities, Weirdness & Mutations

You have a pair of horns on your head.
You reflexively headbutt those who attack you in melee.


Message History

Trog accepts your kill.
You feel sick.
The howler monkey hoots and howls with incredible vigour!
Aim: a killer bee The mass of ice explodes!
The iceblast engulfs something.
The iceblast engulfs the killer bee!!
You kill the killer bee!
Trog accepts your kill.
You feel the effects of Trog's Hand fading.
You feel sick.
You are no longer poisoned.
You hear some strange, mumbled words.
A swirling arc of seething chaos appears!
An arc of chaos appears from out of thin air!
The arc of chaos hits you.
* * * LOW HITPOINT WARNING * * *
The arc of chaos grounds out.
Aim: a kobold brigand, wielding a +0 short sword and quivering poisoned darts The mass of ice explodes!
The iceblast engulfs something!!
The iceblast engulfs you!
* * * LOW HITPOINT WARNING * * *
You hear an angry hiss.
Something hits you.
* * * LOW HITPOINT WARNING * * *
You feel drained.
You hear some strange, mumbled words.
A swirling arc of seething chaos appears!
An arc of chaos appears from out of thin air!
The arc of chaos hits you!
Something tries to affect you, but you resist.
The kobold brigand throws a poisoned dart.
Unknown command.
Aim: a kobold brigand, wielding a +0 short sword and quivering poisoned darts (will become a fire bat, an ogre, or a hog, chance to affect: 57%) Psyche appears out of thin air!
Reactivating autopickup.
You feel yourself speed up. Psyche breathes ice at you.
The icy flash freeze hits you!
* * * LOW HITPOINT WARNING * * *
You are encased in ice.
Psyche barely misses you.
You closely miss Psyche. You headbutt Psyche! Psyche bites you.
* * * LOW HITPOINT WARNING * * *
You closely miss Psyche. Your headbutt misses Psyche.
Your skin stops crawling.
You feel less strong-willed.
The howler monkey hoots and howls with incredible vigour!
Psyche barely misses you.
Unknown command.
You barely miss Psyche. Your headbutt misses Psyche. Psyche bites you.
You die...

####.##.##.###
#......#.#....
#.##..###..... #.##.##
##....
#####.##..###.....
#######
#.......##.#......
#KK..K###.###.#.#
#.###...
#)###KhKk.##....# ###
#... K..
#####@##.#..#######...
....h
#.##......>.......
#....).
#.##.##.##......#.
#(..≈≈§ #....
..##....).#. .....KK
####. ..##......##
....h)K #......##
#.##...## ..........
###.......


You could see Psyche the rime drake, 2 kobold brigands, a howler monkey and 2
kobolds.

Vanquished Creatures
  Eustachio (D:5)
  A steam dragon (D:7)
  2 orc warriors (D:6)
  3 ice beasts
  3 sky beasts
  An ogre (D:7)
  A centaur (D:8)
  3 phantoms
  6 kobold brigands
  A gnoll sergeant (D:7)
  2 scorpions (D:4)
  4 bullfrogs
  2 necrophages
  6 killer bees (D:8)
  A jelly (D:4)
  4 hounds
  5 orc priests
  A gnoll bouda (D:6)
  4 iguanas
  4 orc wizards (D:6)
  12 adders
  11 gnolls
  3 river rats
  2 shadow imps
  A white imp (D:6)
  5 worms (Sewer)
  6 dart slugs
  35 orcs
  15 ball pythons
  3 bats (D:1)
  12 endoplasms
  4 giant cockroaches
  8 goblins
  4 hobgoblins
  3 jackals (D:3)
  6 quokkas
  4 frilled lizards
  21 kobolds
  10 rats
  A spectral orc (D:6)
221 creatures vanquished.

Vanquished Creatures (others)
  8 plants (D:5)
8 creatures vanquished.

Grand Total: 229 creatures vanquished

Notes
Turn   | Place    | Note
-------+----------+-------------------------------------------
     0 | D:1      | Pooter the Minotaur Berserker began the quest for the Orb.
     0 | D:1      | Reached XP level 1. HP: 19/19 MP: 0/0
   205 | D:1      | Reached skill level 4 in Axes
   211 | D:1      | Reached XP level 2. HP: 25/27 MP: 1/1
   606 | D:2      | Reached XP level 3. HP: 33/33 MP: 2/2
   647 | D:2      | Reached skill level 1 in Stealth
   654 | D:2      | Reached ** piety under Trog
  1335 | D:3      | Reached XP level 4. HP: 40/40 MP: 3/3
  1492 | D:3      | Reached skill level 5 in Axes
  1499 | D:3      | Reached skill level 1 in Throwing
  1613 | D:3      | Found a faded altar of an unknown god.
  1823 | D:4      | Reached *** piety under Trog
  1905 | D:4      | Noticed a scorpion
  1908 | D:4      | Killed a scorpion
  1909 | D:4      | Reached XP level 5. HP: 47/47 MP: 4/4
  1958 | D:4      | Reached skill level 6 in Axes
  2137 | D:4      | Reached XP level 6. HP: 44/55 MP: 5/5
  2285 | D:4      | Reached skill level 5 in Fighting
  2302 | D:4      | Found a shimmering blue altar of Sif Muna.
  2306 | D:4      | Found an ornate altar of the Wu Jian Council.
  2586 | D:5      | Entered Level 5 of the Dungeon
  2617 | D:5      | Found a shadowy altar of Dithmenos.
  2669 | D:5      | Reached XP level 7. HP: 58/61 MP: 6/6
  2729 | D:5      | Reached skill level 7 in Axes
  3070 | D:5      | Found an opulent altar of Gozag.
  3089 | D:5      | Found a glowing drain.
  3106 | Sewer    | Entered a sewer
  3578 | Sewer    | Reached skill level 8 in Axes
  3715 | Sewer    | Reached XP level 8. HP: 61/70 MP: 7/7
  4002 | D:5      | Reached **** piety under Trog
  4024 | D:5      | Found a stormy altar of Qazlal.
  4408 | D:5      | Noticed Eustachio
  4437 | D:5      | Killed Eustachio
  4634 | D:6      | Reached skill level 9 in Axes
  4747 | D:6      | Found a staircase to the Ecumenical Temple.
  4789 | D:6      | Identified the +0 hand axe of Darkness {drain, rF+ rCorr
                  | Str-4}
  5051 | D:6      | Found a broken altar of Ashenzari.
  5091 | D:6      | Found a blossoming altar of Fedhas.
  5102 | D:6      | Found a hide-covered altar of Uskayaw.
  5102 | D:6      | Found a bloodstained altar of Trog.
  5108 | D:6      | Found a shimmering altar of Xom.
  5108 | D:6      | Found a white marble altar of Elyvilon.
  5108 | D:6      | Found a shimmering altar of Xom.
  5212 | D:6      | Identified the +7 great sword of Bodily Humours {holy,
                  | *Rage rPois rC+++ Int-5}
  5223 | D:6      | Reached skill level 1 in Evocations
  5426 | D:6      | Reached XP level 9. HP: 79/79 MP: 8/8
  5634 | D:6      | Found a hazy altar of Hepliaklqana.
  5655 | D:6      | Reached skill level 10 in Axes
  5705 | D:6      | Found a runed translucent door.
  5706 | D:6      | Noticed Crazy Yiuf
  5890 | D:7      | Reached skill level 5 in Stealth
  5988 | D:7      | Found a white marble altar of Elyvilon.
  6514 | D:7      | Found a glowing golden altar of the Shining One.
  6789 | D:8      | Reached skill level 11 in Axes
  7135 | D:8      | Noticed Psyche
  7162 | D:8      | Noticed Psyche
  7163 | D:8      | HP: 4/81 [Psyche the rime drake (4)]
  7165 | D:8      | Slain by Psyche the rime drake

Illustrated notes

Levels and vault maps discovered:
D:1:      minmay_arrival_solitary_statue, layout_basic
D:2:      layout_loops_ring
D:3:      layout_loops_ring, chequers_ecumenical_altar_grove,
          minmay_tree_intersection
D:4:      layout_loops_ring, mainiacjoe_overflow_catwalk_spiral
D:5:      layout_basic, grunt_qazlal_clouds, grunt_gozag_statues,
          grunt_dithmenos_shadows, serial_bayou, serial_bayou_pond_e,
          serial_bayou_lagoon_a, serial_bayou_pond_a, serial_bayou_pond_d,
          portal_sewer_entry_b, uniq_eustachio
D:6:      layout_basic, nicolae_hepliaklqana_monster_ancestors,
          doesnt_xom_only_xom, general_overflow_altar,
          minmay_temple_entry_antechambers, chequers_serial_rivers_micro_b,
          uniq_crazy_yiuf_cottage
D:7:      layout_loops_ring, nicolae_elyvilon_temple_path,
          nicolae_tso_swordbearing_angel, corner_web_ring
D:8:      layout_loops_cross, nicolae_vehumet_altar_sigil, grunt_potential,
          uniq_psyche

Skill      XL: |  1  2  3  4  5  6  7  8  9 |
---------------+----------------------------+-----
Axes           | 4 5 6 8 9 11 | 11.4
Fighting       | 4 5 6 7 8 |  8.5
Stealth        | 1 2 3 4 5 |  5.6
Throwing       | 1 2 3 4 |  4.4
Evocations     | 1 3 |  3.3
Armour         | |  2.4
Dodging        | |  2.1

Action                     |  1- 3 |  4- 6 |  7- 9 || total
---------------------------+-------+-------+-------++-------
  Melee: Hand axe          |    37 |       |       ||    37
         War axe           |    61 |    72 |   185 ||   318
         Headbutt          |    14 |     9 |    52 ||    75
         Punch             |       |     1 |       ||     1
         Spear             |       |     1 |       ||     1
         Battleaxe         |       |       |   114 ||   114
  Throw: Javelin           |       |    15 |    39 ||    54
         Stone             |       |       |     2 ||     2
         Boomerang         |       |       |    36 ||    36
 Invoke: Berserk           |       |     1 |    11 ||    12
         Trog's Hand       |       |       |     5 ||     5
  Evoke: Wand              |       |       |    15 ||    15
    Use: Scroll            |       |       |     7 ||     7
   Stab: Sleeping          |     2 |       |       ||     2
 Armour: Animal skin       |    25 |    15 |       ||    40
         Chain mail        |       |    18 |    91 ||   109
         Plate armour      |       |       |   120 ||   120
  Dodge: Dodged            |    60 |    49 |    85 ||   194

Table legend: (Time is in decaauts)
 A = Elapsed time spent in this place.
 B = Non-inter-level travel time spent in this place.
 C = Inter-level travel time spent in this place.
 D = Time resting spent in this place.
 E = Time spent auto-exploring this place.
 F = Levels seen in this place.
 G = Mean time per level.
                   A        B        C        D        E       F      G
               +--------+--------+--------+--------+--------+-----+--------+
         Total |   7351 |   7149 |    202 |    986 |   4260 |   9 |  816.8 |
       Dungeon |   6476 |   6274 |    202 |    796 |   3791 |   8 |  809.5 |
         Sewer |    875 |    875 |      0 |    189 |    469 |   1 |  875.0 |
               +--------+--------+--------+--------+--------+-----+--------+

Top non-repeatable levels by time:
     D:6: 1298 daAuts
     D:5: 1075 daAuts
     D:7: 876 daAuts
   Sewer: 875 daAuts
     D:4: 793 daAuts
     D:3: 725 daAuts
     D:2: 621 daAuts
     D:8: 592 daAuts
     D:1: 493 daAuts
